 Dungeon Crawl Stone Soup version 0.30.0-10-gfe55d96785 (webtiles) character file.

Game seed: 5402494539509361826

67 Pimp the Shooter (level 4, 0/27 HPs)
             Began as a Tengu Hunter on May 15, 2023.
             Slain by a jackal (2 damage)
             ... on level 2 of the Dungeon.
             The game lasted 00:02:13 (760 turns).

Pimp the Shooter (Tengu Hunter)                      Turns: 760, Time: 00:02:16

Health: 0/27       AC:  3    Str: 12    XL:     4   Next: 16%
Magic:  5/5        EV: 13    Int:  9    God:
Gold:   55         SH:  0    Dex: 19    Spells: 3/3 levels left

rFire   . . .        a - +0 shortbow
rCold   . . .        (shield currently unavailable)
rNeg    . . .        c - +0 leather armour
rPois   .            (helmet restricted)
rElec   .            (no cloak)
rCorr   .            (no gloves)
SInv    .            (boots unavailable)
Will    .....        (no amulet)
Stlth   ++           (no ring)
HPRegen 0.24/turn    (no ring)
MPRegen 0.09/turn

%: no passive effects
@: hasted, very quick
A: beak, talons 3
a: no special abilities


You were on level 2 of the Dungeon.
You visited 1 branch of the dungeon, and saw 2 of its levels.

You collected 55 gold pieces.

Inventory:

Hand Weapons
 a - a +0 shortbow (weapon)
Armour
 c - a +0 leather armour (worn)
Scrolls
 b - a scroll of immolation
 d - 2 scrolls of teleportation {unknown}
 e - 2 scrolls of identify {unknown}
 f - a scroll of enchant weapon {unknown}
 i - a scroll of blinking {unknown}
 k - a scroll of noise {unknown}
 l - a scroll of enchant armour {unknown}
 n - a scroll of summoning {unknown}
Potions
 g - a potion of haste
 h - a potion of curing {unknown}
 j - a potion of ambrosia {unknown}
 m - a potion of attraction {unknown}


   Skills:
 + Level 2.7 Fighting
 + Level 4.9 Ranged Weapons
 + Level 3.0 Dodging
 + Level 2.1 Stealth


You had 3 spell levels left.
You didn't know any spells.
Your spell library contained the following spells:

 Spells                   Type           Power      Damage    Failure   Level
 Magic Dart               Conj           0%         1d3       45%         1
 Searing Ray              Conj           0%         2d4       61%         2
 Dazzling Flash           Conj/Hex       0%         N/A       83%         3
 Volatile Blastmotes      Fire/Tloc      0%         2d10      83%         3
 Fulminant Prism          Conj/Hex       0%         3d5       99%         4
 Iskenderun's Mystic Bla  Conj/Tloc      0%         2d3       99%         4
 Starburst                Conj/Fire      0%         6d3       100%        6


Dungeon Overview and Level Annotations

Branches:
Dungeon (2/15)

Altars:

Annotations:
D:2 Natasha


Innate Abilities, Weirdness & Mutations

You have a beak for a mouth.
You have claws for feet.


Message History

The jackal barely misses you.
You shoot an arrow. The arrow barely misses Natasha.
The jackal barely misses you.
Natasha casts a spell.
The cerulean imp hits you from afar with a +1 spear.
You shoot an arrow. The arrow hits Natasha.
Natasha is moderately wounded.
The jackal bites you but does no damage.
Natasha barely misses you. The jackal misses you.
The cerulean imp hits you from afar with a +1 spear.
The cerulean imp closely misses you. Natasha claws you.
You shoot an arrow. The arrow barely misses Natasha.
The jackal completely misses you.
The cerulean imp hits you from afar with a +1 spear.
The cerulean imp hits you with a +0 spear.
The jackal bites you but does no damage.
Natasha claws you.
You are too injured to fight recklessly!
You are too injured to fight recklessly!
You are too injured to fight recklessly!
You are too injured to fight recklessly!
You are too injured to fight recklessly!
Unknown command.
Natasha attacks as you move away! Natasha claws you but does no damage.
The cerulean imp hits you from afar with a +0 spear.
* * * LOW HITPOINT WARNING * * *
Natasha howls an incantation.
Natasha shimmers violently.
The cerulean imp hits you but does no damage.
The jackal closely misses you. The jackal attacks as you move away!
The jackal closely misses you. The cerulean imp barely misses you.
It was a potion of haste.
You feel yourself speed up.
The jackal bites you but does no damage.
The cerulean imp hits you from afar with a +1 spear.
* * * LOW HITPOINT WARNING * * *
The cerulean imp closely misses you.
Natasha mumbles some strange words.
The jackal bites you.
You die...

...#### #..# ......# #..#
###...# # #..# #...#
#.##..# ###...#
#...†.#######
.##...###########h.......#
.##............##55......#
.####.########.##h5......#
.## #..<........@#'#######
..# ###.......##.#.# ..###
#.......+..#.#
....###.......####.#######
.##)..##.....## #........
.####....###.#####........
## ####..##.##...........
##..#.##.##........
#.#....##.######'


You could see Natasha, 3 cerulean imps and a jackal.

Vanquished Creatures
  Terence (D:2)
  2 worms (D:2)
  A bat (D:1)
  5 endoplasms
  5 goblins
  5 hobgoblins
  5 jackals
  3 frilled lizards
  7 kobolds
  A rat (D:1)
35 creatures vanquished.

Notes
Turn   | Place    | Note
-------+----------+-------------------------------------------
     0 | D:1      | Pimp the Tengu Hunter began the quest for the Orb.
     0 | D:1      | Reached XP level 1. HP: 12/12 MP: 2/2
    42 | D:1      | Found a faded altar of an unknown god.
    60 | D:1      | Reached XP level 2. HP: 17/17 MP: 3/3
   293 | D:1      | Reached XP level 3. HP: 22/22 MP: 4/4
   553 | D:2      | Noticed Terence
   571 | D:2      | Killed Terence
   683 | D:2      | Reached XP level 4. HP: 27/27 MP: 5/5
   749 | D:2      | Noticed Natasha
   760 | D:2      | Slain by a jackal

Illustrated notes

Levels and vault maps discovered:
D:1:      saegor_arrival_simple_c, layout_rooms, shapermc_ecumenical_altar_venn
D:2:      layout_basic, uniq_natasha, uniq_terence

Skill      XL: |  1  2  3 |
---------------+----------+-----
Stealth        | 2 |  2.1
Dodging        | 3 |  3.0
Fighting       | |  2.7
Ranged Weapons | |  4.9

Action                     |  1- 3 |  4- 6 || total
---------------------------+-------+-------++-------
   Fire: Shortbow          |    66 |    19 ||    85
    Use: Potion            |       |     1 ||     1
 Armour: Leather armour    |     7 |     6 ||    13
  Dodge: Dodged            |    24 |    16 ||    40
